[ AOE2 MATCH · #475814332 ]
UnrankedKoreans vs Poles
Player's team · LOSS
[ REPLAY ANALYSIS · EXTRACTED FROM THE RECORDED GAME ]
Feudal
8:53
Castle
24:41
Imperial
—
| APM avg | 57.0 |
| APM peak | 83 |
| eAPM avg | 21.8 |
| Villagers / military | 61 / 65 |
Focus
⚔️ 33.8% · 🌾 66.2%
Archer ×64 · Spearman ×1
Feudal
8:51
Castle
21:34
Imperial
—
| APM avg | 76.1 |
| APM peak | 152 |
| eAPM avg | 28.5 |
| Villagers / military | 100 / 75 |
Focus
⚔️ 22.1% · 🌾 77.9%
Knight ×66 · Scout Cavalry ×9
Feudal
8:52
Castle
23:39
Imperial
—
| APM avg | 47.4 |
| APM peak | 79 |
| eAPM avg | 17.0 |
| Villagers / military | 61 / 80 |
Focus
⚔️ 34.9% · 🌾 65.1%
Archer ×41 · Cavalry Archer ×38 · Spearman ×1
Feudal
8:55
Castle
23:37
Imperial
—
| APM avg | 57.7 |
| APM peak | 90 |
| eAPM avg | 26.4 |
| Villagers / military | 106 / 85 |
Focus
⚔️ 51.4% · 🌾 48.6%
Archer ×83 · Mangonel ×1 · Spearman ×1
Feudal
8:50
Castle
22:36
Imperial
—
| APM avg | 59.2 |
| APM peak | 111 |
| eAPM avg | 24.5 |
| Villagers / military | 121 / 43 |
Focus
⚔️ 42.3% · 🌾 57.7%
Scout Cavalry ×22 · Knight ×17 · Monk ×2 · Battering Ram ×2
Feudal
8:27
Castle
24:01
Imperial
—
| APM avg | 45.1 |
| APM peak | 110 |
| eAPM avg | 17.6 |
| Villagers / military | 55 / 24 |
Focus
⚔️ 35.0% · 🌾 65.0%
Scout Cavalry ×13 · Camel Scout ×7 · Mangonel ×3 · Spearman ×1
Feudal
8:45
Castle
22:27
Imperial
31:00
| APM avg | 58.6 |
| APM peak | 108 |
| eAPM avg | 25.2 |
| Villagers / military | 94 / 97 |
Focus
⚔️ 51.5% · 🌾 48.5%
Archer ×96 · Monk ×1
Feudal
9:35
Castle
24:30
Imperial
—
| APM avg | 55.0 |
| APM peak | 99 |
| eAPM avg | 21.0 |
| Villagers / military | 65 / 74 |
Focus
⚔️ 27.1% · 🌾 72.9%
Camel Scout ×61 · Scout Cavalry ×12 · Spearman ×1
Match map
Initial resources + every placement click. Lines = walls · curves = elevation contours. ◆ gold · ⬟ stone · ● berries · ✦ relic · ◌ wall gap
Your base· ✓ Closed at 24:41 · 15t walls · 1 gate(s)
Gà Con Biết Gáy's base· ✓ Closed at 21:34 · 30t walls · no gate
HuyAcoustic's base· ✓ Closed at 23:39 · 42t walls · no gate
MAND_Caloccoc78's base· ✓ Closed at 23:37 · 20t walls · no gate
Seohyun de thuong lam ne`'s base· ✓ Closed at 22:36 · 29t walls · 3 gate(s)
Giáp's base· ✓ Closed at 24:01 · 34t walls · 6 gate(s)
tannnt89's base· ✓ Closed at 22:27 · 31t walls · 1 gate(s)
MAND_IamChijt's base· ✓ Closed at 24:30 · 87t walls · 3 gate(s)
Smoothed initial terrain · ◌ = detected wall gap · hover for details
Inputs per minute
— Tiny Airlane - - Gà Con Biết Gáy
Build order — Tiny Airlane
First 150 of 220 actions detected
| 0:01 | Create | Villager (Male) |
| 0:01 | Create | Villager (Male) |
| 0:02 | Create | Villager (Male) |
| 0:02 | Build | House |
| 0:05 | Build | House |
| 0:07 | Create | Villager (Male) |
| 1:28 | Create | Villager (Male) |
| 2:09 | Create | Villager (Male) |
| 2:21 | Create | Villager (Male) |
| 3:00 | Create | Villager (Male) |
| 3:28 | Create | Villager (Male) |
| 3:28 | Create | Villager (Male) |
| 3:36 | Build | House |
| 3:41 | Build | Lumber Camp |
| 3:59 | Create | Villager (Male) |
| 4:30 | Create | Villager (Male) |
| 4:30 | Create | Villager (Male) |
| 4:55 | Create | Villager (Male) |
| 5:17 | Build | Mining Camp |
| 5:25 | Create | Villager (Male) |
| 5:26 | Research | Loom |
| 6:37 | Research | Feudal Age |
| 7:29 | Build | House |
| 8:03 | Build | Barracks |
| 8:13 | Build | Barracks |
| 8:40 | Create | Villager (Male) |
| 8:53 | Age | Feudal Age |
| 9:01 | Create | Villager (Male) |
| 9:10 | Build | Archery Range |
| 9:15 | Build | Archery Range |
| 9:19 | Create | Spearman |
| 9:20 | Create | Villager (Male) |
| 9:55 | Create | Villager (Male) |
| 10:24 | Build | Palisade Wall |
| 10:27 | Build | Archery Range |
| 10:29 | Create | Archer |
| 10:33 | Create | Villager (Male) |
| 10:38 | Build | Blacksmith |
| 10:41 | Build | Palisade Wall |
| 10:53 | Create | Villager (Male) |
| 11:08 | Build | House |
| 11:11 | Build | House |
| 11:17 | Build | Mill |
| 11:25 | Create | Archer |
| 11:26 | Build | Palisade Wall |
| 11:38 | Create | Archer |
| 11:40 | Create | Archer |
| 12:04 | Build | House |
| 12:07 | Build | House |
| 12:10 | Create | Villager (Male) |
| 12:13 | Create | Archer |
| 12:15 | Create | Archer |
| 12:25 | Create | Villager (Male) |
| 12:27 | Build | House |
| 12:37 | Create | Archer |
| 12:39 | Build | Farm |
| 12:50 | Build | House |
| 12:59 | Create | Archer |
| 12:59 | Create | Archer |
| 13:03 | Create | Villager (Male) |
| 13:05 | Build | Farm |
| 13:17 | Create | Archer |
| 13:28 | Build | House |
| 13:35 | Build | Farm |
| 13:36 | Create | Villager (Male) |
| 13:42 | Create | Archer |
| 13:57 | Create | Villager (Male) |
| 14:07 | Create | Archer |
| 14:20 | Research | Fletching |
| 14:26 | Build | Farm |
| 14:29 | Build | Farm |
| 14:32 | Create | Archer |
| 14:45 | Create | Villager (Male) |
| 14:50 | Build | Farm |
| 14:57 | Create | Archer |
| 15:10 | Create | Archer |
| 15:12 | Create | Villager (Male) |
| 15:14 | Build | House |
| 15:18 | Build | Palisade Gate |
| 15:31 | Create | Villager (Male) |
| 15:34 | Build | Farm |
| 15:55 | Create | Archer |
| 15:55 | Create | Archer |
| 16:03 | Create | Villager (Male) |
| 16:14 | Build | Farm |
| 16:17 | Build | Farm |
| 16:24 | Create | Archer |
| 16:24 | Create | Archer |
| 16:31 | Create | Villager (Male) |
| 16:36 | Build | Farm |
| 16:43 | Build | Farm |
| 16:43 | Create | Villager (Male) |
| 17:09 | Build | Farm |
| 17:10 | Research | Double-Bit Axe |
| 17:15 | Create | Archer |
| 17:15 | Create | Archer |
| 17:34 | Create | Villager (Male) |
| 17:37 | Create | Archer |
| 17:41 | Create | Villager (Male) |
| 17:53 | Create | Archer |
| 17:55 | Create | Villager (Male) |
| 18:03 | Build | House |
| 18:08 | Build | House |
| 18:15 | Create | Archer |
| 18:16 | Create | Archer |
| 18:58 | Build | Market |
| 18:59 | Create | Villager (Male) |
| 19:09 | Create | Archer |
| 19:14 | Build | House |
| 19:16 | Build | House |
| 19:18 | Build | House |
| 19:31 | Create | Villager (Male) |
| 19:46 | Create | Archer |
| 19:46 | Create | Archer |
| 19:52 | Build | Farm |
| 19:53 | Build | Farm |
| 19:54 | Build | Farm |
| 19:54 | Create | Villager (Male) |
| 20:21 | Create | Archer |
| 20:21 | Create | Archer |
| 20:23 | Create | Villager (Male) |
| 20:32 | Build | House |
| 20:55 | Create | Villager (Male) |
| 20:57 | Build | Farm |
| 20:59 | Create | Villager (Male) |
| 22:01 | Research | Castle Age |
| 22:17 | Create | Archer |
| 22:18 | Create | Archer |
| 22:20 | Research | Gold Mining |
| 22:39 | Create | Archer |
| 22:43 | Build | Archery Range |
| 22:47 | Build | Watch Tower |
| 23:06 | Build | House |
| 23:20 | Build | Lumber Camp |
| 23:25 | Create | Archer |
| 23:38 | Build | House |
| 23:39 | Build | House |
| 23:40 | Build | House |
| 24:03 | Build | House |
| 24:20 | Build | House |
| 24:38 | Build | House |
| 24:41 | Age | Castle Age |
| 24:42 | Build | House |
| 24:44 | Research | Crossbowman (upgrade) |
| 24:44 | Research | Crossbowman (upgrade) |
| 24:45 | Research | Bodkin Arrow |
| 24:45 | Research | Bodkin Arrow |
| 25:08 | Build | Farm |
| 25:54 | Create | Villager (Male) |
| 26:05 | Create | Archer |
Build order — Gà Con Biết Gáy
First 150 of 279 actions detected
| 0:01 | Create | Villager (Male) |
| 0:01 | Create | Villager (Male) |
| 0:01 | Create | Villager (Male) |
| 0:01 | Create | Villager (Male) |
| 0:02 | Create | Villager (Male) |
| 0:03 | Build | House |
| 0:04 | Build | House |
| 1:27 | Create | Villager (Male) |
| 1:58 | Create | Villager (Male) |
| 2:13 | Create | Villager (Male) |
| 2:13 | Create | Villager (Male) |
| 2:48 | Create | Villager (Male) |
| 3:02 | Build | House |
| 3:08 | Create | Villager (Male) |
| 3:08 | Create | Villager (Male) |
| 3:27 | Build | Lumber Camp |
| 3:53 | Create | Villager (Male) |
| 3:54 | Create | Villager (Male) |
| 3:56 | Build | Lumber Camp |
| 4:01 | Create | Villager (Male) |
| 4:32 | Create | Villager (Male) |
| 4:32 | Create | Villager (Male) |
| 5:05 | Build | Mill |
| 5:16 | Create | Villager (Male) |
| 5:16 | Create | Villager (Male) |
| 5:52 | Research | Loom |
| 6:31 | Research | Feudal Age |
| 6:31 | Research | Feudal Age |
| 7:31 | Build | Barracks |
| 7:42 | Build | House |
| 7:59 | Create | Villager (Male) |
| 8:16 | Create | Villager (Male) |
| 8:51 | Create | Villager (Male) |
| 8:51 | Age | Feudal Age |
| 8:53 | Research | Double-Bit Axe |
| 8:57 | Build | Stable |
| 9:21 | Create | Villager (Male) |
| 9:25 | Build | House |
| 9:44 | Create | Scout Cavalry |
| 9:49 | Build | House |
| 10:01 | Build | Palisade Wall |
| 10:02 | Build | Palisade Wall |
| 10:04 | Create | Villager (Male) |
| 10:10 | Create | Villager (Male) |
| 10:14 | Build | Blacksmith |
| 10:16 | Build | Palisade Wall |
| 10:17 | Build | Palisade Wall |
| 10:22 | Create | Villager (Male) |
| 10:35 | Create | Scout Cavalry |
| 10:41 | Create | Scout Cavalry |
| 10:46 | Build | House |
| 10:58 | Create | Villager (Male) |
| 11:07 | Build | Farm |
| 11:15 | Build | Farm |
| 11:19 | Build | Farm |
| 11:21 | Build | Farm |
| 11:23 | Create | Villager (Male) |
| 11:26 | Build | Farm |
| 11:29 | Build | Farm |
| 11:38 | Build | Palisade Wall |
| 11:40 | Build | Palisade Wall |
| 11:49 | Build | Farm |
| 11:53 | Build | Farm |
| 11:56 | Build | Farm |
| 11:57 | Create | Villager (Male) |
| 12:04 | Create | Scout Cavalry |
| 12:14 | Create | Villager (Male) |
| 12:27 | Create | Villager (Male) |
| 12:34 | Build | House |
| 12:37 | Build | Palisade Wall |
| 12:38 | Create | Villager (Male) |
| 12:47 | Create | Scout Cavalry |
| 12:59 | Create | Villager (Male) |
| 13:10 | Create | Villager (Male) |
| 13:35 | Create | Scout Cavalry |
| 13:49 | Create | Villager (Male) |
| 13:57 | Build | House |
| 14:02 | Build | Farm |
| 14:09 | Create | Scout Cavalry |
| 14:19 | Build | Mill |
| 14:20 | Build | Farm |
| 14:21 | Build | Farm |
| 14:21 | Build | Farm |
| 14:22 | Build | Farm |
| 14:34 | Build | Mining Camp |
| 14:36 | Create | Villager (Male) |
| 14:47 | Create | Villager (Male) |
| 14:59 | Research | Scale Barding Armor |
| 15:27 | Create | Villager (Male) |
| 15:29 | Build | Farm |
| 15:38 | Create | Villager (Male) |
| 15:49 | Create | Scout Cavalry |
| 16:18 | Build | Farm |
| 16:20 | Build | Farm |
| 16:22 | Build | Farm |
| 16:23 | Create | Villager (Male) |
| 16:24 | Create | Villager (Male) |
| 16:32 | Create | Villager (Male) |
| 16:35 | Create | Scout Cavalry |
| 16:44 | Create | Villager (Male) |
| 16:48 | Research | Forging |
| 16:50 | Research | Horse Collar |
| 17:47 | Build | House |
| 17:55 | Create | Villager (Male) |
| 18:06 | Build | Farm |
| 18:07 | Build | Farm |
| 18:11 | Build | Mill |
| 18:18 | Create | Villager (Male) |
| 18:20 | Build | Farm |
| 18:29 | Build | Farm |
| 18:36 | Build | Farm |
| 18:54 | Research | Castle Age |
| 19:18 | Build | Stable |
| 19:29 | Research | Wheelbarrow |
| 19:30 | Research | Wheelbarrow |
| 19:33 | Research | Gold Mining |
| 20:11 | Research | Bloodlines |
| 20:11 | Research | Bloodlines |
| 20:28 | Build | Farm |
| 20:35 | Build | Palisade Wall |
| 21:04 | Build | Lumber Camp |
| 21:34 | Age | Castle Age |
| 21:38 | Create | Knight |
| 21:38 | Create | Knight |
| 21:39 | Create | Knight |
| 21:41 | Research | Chain Barding Armor |
| 21:43 | Create | Villager (Male) |
| 21:48 | Create | Knight |
| 21:48 | Create | Knight |
| 21:49 | Create | Knight |
| 21:53 | Research | Husbandry |
| 21:56 | Create | Villager (Male) |
| 21:57 | Create | Villager (Male) |
| 22:32 | Create | Villager (Male) |
| 22:33 | Create | Villager (Male) |
| 22:40 | Create | Knight |
| 22:40 | Create | Knight |
| 22:41 | Create | Knight |
| 22:46 | Research | Bow Saw |
| 22:46 | Research | Bow Saw |
| 22:48 | Research | Heavy Plow |
| 23:31 | Create | Knight |
| 23:31 | Create | Knight |
| 23:35 | Create | Villager (Male) |
| 23:57 | Create | Villager (Male) |
| 24:02 | Build | Stable |
| 24:09 | Research | Iron Casting |
| 24:09 | Research | Iron Casting |
| 24:10 | Create | Villager (Male) |
| 24:11 | Create | Villager (Male) |
Build order — HuyAcoustic
First 150 of 202 actions detected
| 0:01 | Create | Villager (Male) |
| 0:01 | Create | Villager (Male) |
| 0:06 | Create | Villager (Male) |
| 0:07 | Create | Villager (Male) |
| 1:19 | Create | Villager (Male) |
| 1:19 | Create | Villager (Male) |
| 1:49 | Create | Villager (Male) |
| 2:24 | Create | Villager (Male) |
| 2:26 | Build | Lumber Camp |
| 2:44 | Create | Villager (Male) |
| 3:15 | Create | Villager (Male) |
| 3:18 | Create | Villager (Male) |
| 3:58 | Create | Villager (Male) |
| 3:58 | Create | Villager (Male) |
| 4:39 | Create | Villager (Male) |
| 5:14 | Create | Villager (Male) |
| 5:33 | Build | Mining Camp |
| 5:42 | Create | Villager (Male) |
| 6:03 | Research | Loom |
| 6:42 | Research | Feudal Age |
| 7:17 | Build | Barracks |
| 7:51 | Build | Palisade Wall |
| 8:04 | Create | Villager (Male) |
| 8:52 | Age | Feudal Age |
| 8:54 | Create | Villager (Male) |
| 8:57 | Build | Archery Range |
| 8:59 | Create | Spearman |
| 9:12 | Research | Double-Bit Axe |
| 9:21 | Create | Villager (Male) |
| 9:34 | Create | Villager (Male) |
| 9:48 | Build | Archery Range |
| 9:49 | Create | Archer |
| 10:22 | Create | Villager (Male) |
| 10:28 | Create | Archer |
| 10:29 | Create | Archer |
| 10:34 | Build | Palisade Wall |
| 10:41 | Build | Palisade Wall |
| 10:51 | Create | Archer |
| 10:52 | Create | Archer |
| 10:53 | Create | Villager (Male) |
| 11:03 | Create | Villager (Male) |
| 11:03 | Create | Villager (Male) |
| 11:20 | Build | Mill |
| 11:31 | Build | Palisade Wall |
| 11:34 | Create | Archer |
| 11:34 | Create | Archer |
| 11:47 | Build | Palisade Wall |
| 12:05 | Create | Archer |
| 12:07 | Create | Villager (Male) |
| 12:07 | Create | Villager (Male) |
| 12:11 | Build | Palisade Wall |
| 12:18 | Create | Archer |
| 12:28 | Build | Blacksmith |
| 12:37 | Create | Villager (Male) |
| 12:47 | Build | Palisade Wall |
| 12:49 | Create | Archer |
| 12:50 | Create | Archer |
| 13:04 | Create | Villager (Male) |
| 13:06 | Build | Farm |
| 13:13 | Create | Archer |
| 13:39 | Research | Fletching |
| 13:41 | Create | Archer |
| 13:41 | Create | Archer |
| 13:43 | Build | Farm |
| 13:53 | Create | Archer |
| 14:14 | Create | Villager (Male) |
| 14:15 | Build | Farm |
| 14:18 | Create | Archer |
| 14:18 | Create | Archer |
| 14:26 | Create | Villager (Male) |
| 14:37 | Create | Archer |
| 14:42 | Build | Farm |
| 14:51 | Research | Padded Archer Armor |
| 15:00 | Build | Farm |
| 15:10 | Create | Archer |
| 15:11 | Create | Archer |
| 15:13 | Create | Villager (Male) |
| 15:32 | Create | Villager (Male) |
| 15:34 | Build | Farm |
| 16:13 | Create | Archer |
| 16:14 | Create | Archer |
| 16:14 | Create | Archer |
| 16:15 | Create | Villager (Male) |
| 16:15 | Create | Villager (Male) |
| 16:15 | Create | Villager (Male) |
| 16:16 | Build | Farm |
| 16:23 | Build | Farm |
| 16:28 | Create | Archer |
| 16:42 | Research | Gold Mining |
| 16:48 | Create | Archer |
| 17:09 | Create | Archer |
| 17:21 | Build | Farm |
| 17:28 | Create | Villager (Male) |
| 17:38 | Create | Archer |
| 17:38 | Create | Archer |
| 17:38 | Create | Archer |
| 17:42 | Create | Villager (Male) |
| 17:55 | Build | Farm |
| 18:00 | Research | Wheelbarrow |
| 18:16 | Create | Archer |
| 18:16 | Create | Archer |
| 18:23 | Build | Farm |
| 18:40 | Create | Archer |
| 19:06 | Create | Archer |
| 19:06 | Create | Archer |
| 19:15 | Build | Farm |
| 19:17 | Build | Farm |
| 19:28 | Build | Farm |
| 19:49 | Create | Archer |
| 20:27 | Create | Archer |
| 20:27 | Create | Archer |
| 20:36 | Build | Farm |
| 20:59 | Research | Castle Age |
| 21:04 | Build | Lumber Camp |
| 21:11 | Create | Archer |
| 21:16 | Build | Mining Camp |
| 21:24 | Create | Archer |
| 21:40 | Build | Lumber Camp |
| 22:37 | Create | Archer |
| 22:37 | Create | Archer |
| 23:39 | Age | Castle Age |
| 23:39 | Research | Crossbowman (upgrade) |
| 23:40 | Research | Bodkin Arrow |
| 23:45 | Research | Bow Saw |
| 23:46 | Create | Villager (Male) |
| 23:46 | Create | Villager (Male) |
| 23:55 | Build | University |
| 24:05 | Create | Villager (Male) |
| 24:31 | Research | Leather Archer Armor |
| 24:31 | Research | Leather Archer Armor |
| 24:48 | Research | Ballistics |
| 24:48 | Research | Ballistics |
| 25:32 | Create | Cavalry Archer |
| 25:32 | Create | Cavalry Archer |
| 25:32 | Create | Cavalry Archer |
| 25:33 | Create | Cavalry Archer |
| 25:33 | Create | Cavalry Archer |
| 25:34 | Create | Villager (Male) |
| 25:34 | Create | Villager (Male) |
| 25:34 | Create | Villager (Male) |
| 26:08 | Create | Cavalry Archer |
| 26:08 | Create | Cavalry Archer |
| 26:08 | Create | Cavalry Archer |
| 26:09 | Create | Cavalry Archer |
| 26:11 | Create | Villager (Male) |
| 26:33 | Build | Archery Range |
| 26:48 | Create | Cavalry Archer |
| 26:55 | Create | Villager (Male) |
| 27:13 | Build | Stable |
| 27:17 | Create | Cavalry Archer |
Build order — MAND_Caloccoc78
First 150 of 284 actions detected
| 0:01 | Create | Villager (Male) |
| 0:01 | Create | Villager (Male) |
| 0:01 | Create | Villager (Male) |
| 0:03 | Build | House |
| 0:04 | Build | House |
| 0:06 | Create | Villager (Male) |
| 1:23 | Create | Villager (Male) |
| 2:01 | Create | Villager (Male) |
| 2:11 | Create | Villager (Male) |
| 2:48 | Create | Villager (Male) |
| 3:00 | Build | Lumber Camp |
| 3:12 | Create | Villager (Male) |
| 3:12 | Create | Villager (Male) |
| 3:44 | Create | Villager (Male) |
| 3:58 | Build | House |
| 4:40 | Create | Villager (Male) |
| 4:41 | Create | Villager (Male) |
| 4:42 | Create | Villager (Male) |
| 4:42 | Create | Villager (Male) |
| 4:45 | Create | Villager (Male) |
| 5:09 | Create | Villager (Male) |
| 5:18 | Create | Villager (Male) |
| 5:38 | Build | Mill |
| 6:03 | Research | Loom |
| 6:03 | Research | Loom |
| 6:39 | Research | Feudal Age |
| 7:11 | Build | Mining Camp |
| 7:24 | Build | House |
| 7:36 | Create | Villager (Male) |
| 8:17 | Build | Barracks |
| 8:22 | Create | Villager (Male) |
| 8:55 | Age | Feudal Age |
| 9:08 | Build | Archery Range |
| 9:10 | Build | Archery Range |
| 9:12 | Create | Villager (Male) |
| 9:19 | Research | Double-Bit Axe |
| 9:19 | Research | Double-Bit Axe |
| 9:21 | Create | Villager (Male) |
| 9:47 | Create | Villager (Male) |
| 10:02 | Create | Archer |
| 10:02 | Create | Archer |
| 10:08 | Build | Palisade Wall |
| 10:11 | Create | Villager (Male) |
| 10:16 | Build | House |
| 10:18 | Build | House |
| 10:31 | Create | Spearman |
| 10:35 | Create | Villager (Male) |
| 11:15 | Build | House |
| 11:19 | Build | Blacksmith |
| 11:21 | Build | House |
| 11:27 | Create | Archer |
| 11:34 | Create | Villager (Male) |
| 11:46 | Create | Villager (Male) |
| 11:55 | Build | House |
| 12:09 | Build | Palisade Wall |
| 12:12 | Create | Villager (Male) |
| 12:13 | Build | Farm |
| 12:14 | Create | Archer |
| 12:22 | Create | Villager (Male) |
| 12:36 | Research | Fletching |
| 12:36 | Research | Fletching |
| 12:40 | Build | Farm |
| 12:42 | Build | Farm |
| 12:44 | Create | Villager (Male) |
| 12:49 | Build | House |
| 12:52 | Build | Palisade Wall |
| 13:02 | Create | Archer |
| 13:02 | Create | Archer |
| 13:08 | Build | Farm |
| 13:20 | Create | Archer |
| 13:25 | Create | Villager (Male) |
| 13:35 | Create | Villager (Male) |
| 13:54 | Create | Archer |
| 13:54 | Create | Archer |
| 13:55 | Create | Villager (Male) |
| 13:59 | Build | Farm |
| 14:08 | Create | Archer |
| 14:29 | Create | Villager (Male) |
| 14:30 | Build | Farm |
| 14:31 | Create | Archer |
| 14:32 | Create | Archer |
| 14:35 | Build | House |
| 14:36 | Create | Villager (Male) |
| 14:50 | Create | Villager (Male) |
| 15:00 | Create | Archer |
| 15:01 | Create | Archer |
| 15:23 | Build | House |
| 15:24 | Create | Villager (Male) |
| 15:26 | Build | House |
| 15:30 | Build | Farm |
| 15:30 | Build | Farm |
| 15:31 | Create | Villager (Male) |
| 15:39 | Create | Villager (Male) |
| 15:54 | Create | Archer |
| 15:55 | Create | Villager (Male) |
| 16:09 | Create | Archer |
| 16:09 | Create | Archer |
| 16:10 | Create | Villager (Male) |
| 16:22 | Create | Archer |
| 16:30 | Create | Villager (Male) |
| 16:52 | Create | Archer |
| 16:53 | Create | Archer |
| 16:53 | Create | Archer |
| 16:55 | Create | Villager (Male) |
| 16:58 | Create | Villager (Male) |
| 17:16 | Create | Villager (Male) |
| 17:22 | Create | Villager (Male) |
| 17:23 | Build | Farm |
| 17:23 | Build | Farm |
| 17:24 | Build | Farm |
| 17:24 | Build | Farm |
| 17:24 | Build | Farm |
| 17:25 | Build | Farm |
| 17:48 | Build | Palisade Gate |
| 17:54 | Build | Farm |
| 17:57 | Create | Archer |
| 17:58 | Create | Villager (Male) |
| 18:01 | Create | Villager (Male) |
| 18:06 | Create | Villager (Male) |
| 18:40 | Create | Villager (Male) |
| 18:59 | Create | Archer |
| 18:59 | Create | Archer |
| 18:59 | Create | Archer |
| 19:01 | Research | Arson |
| 19:01 | Research | Arson |
| 19:02 | Build | Farm |
| 19:03 | Build | Farm |
| 19:03 | Build | Farm |
| 19:03 | Build | Farm |
| 19:03 | Build | Farm |
| 19:13 | Create | Archer |
| 19:13 | Create | Archer |
| 19:15 | Research | Arson |
| 19:25 | Build | Farm |
| 20:10 | Create | Archer |
| 20:11 | Create | Archer |
| 20:58 | Research | Castle Age |
| 20:58 | Research | Castle Age |
| 20:59 | Research | Horse Collar |
| 21:03 | Build | Lumber Camp |
| 21:09 | Create | Archer |
| 21:24 | Build | Archery Range |
| 21:46 | Research | Padded Archer Armor |
| 21:46 | Research | Padded Archer Armor |
| 21:47 | Research | Gold Mining |
| 22:01 | Create | Archer |
| 22:01 | Create | Archer |
| 22:08 | Build | Palisade Wall |
| 23:37 | Age | Castle Age |
| 23:41 | Research | Crossbowman (upgrade) |
Build order — Seohyun de thuong lam ne`
First 150 of 232 actions detected
| 0:00 | Create | Villager (Male) |
| 0:00 | Create | Villager (Male) |
| 0:01 | Create | Villager (Male) |
| 0:01 | Create | Villager (Male) |
| 0:02 | Build | House |
| 0:03 | Build | House |
| 1:25 | Create | Villager (Male) |
| 1:48 | Build | Lumber Camp |
| 1:59 | Create | Villager (Male) |
| 2:17 | Create | Villager (Male) |
| 2:45 | Create | Villager (Male) |
| 2:59 | Create | Villager (Male) |
| 3:38 | Create | Villager (Male) |
| 3:41 | Create | Villager (Male) |
| 3:49 | Build | House |
| 4:07 | Create | Villager (Male) |
| 4:40 | Create | Villager (Male) |
| 4:40 | Create | Villager (Male) |
| 4:40 | Create | Villager (Male) |
| 5:06 | Create | Villager (Male) |
| 5:15 | Research | Loom |
| 5:31 | Build | Mill |
| 6:40 | Research | Feudal Age |
| 7:03 | Build | House |
| 7:13 | Build | Palisade Gate |
| 7:16 | Build | Palisade Gate |
| 7:21 | Build | Palisade Gate |
| 7:59 | Build | Donjon |
| 8:32 | Create | Villager (Male) |
| 8:32 | Create | Villager (Male) |
| 8:50 | Age | Feudal Age |
| 8:54 | Research | Double-Bit Axe |
| 9:07 | Build | Stable |
| 9:12 | Build | House |
| 9:13 | Build | Palisade Wall |
| 9:22 | Research | Horse Collar |
| 9:30 | Create | Villager (Male) |
| 9:44 | Build | House |
| 9:48 | Build | House |
| 9:48 | Create | Scout Cavalry |
| 9:51 | Create | Villager (Male) |
| 9:57 | Build | Farm |
| 10:04 | Create | Scout Cavalry |
| 10:10 | Build | Palisade Wall |
| 10:11 | Build | Palisade Wall |
| 10:17 | Build | Farm |
| 10:19 | Create | Villager (Male) |
| 10:35 | Build | Farm |
| 10:40 | Build | House |
| 10:49 | Create | Scout Cavalry |
| 11:09 | Create | Villager (Male) |
| 11:11 | Build | House |
| 11:18 | Build | Palisade Wall |
| 11:37 | Create | Scout Cavalry |
| 11:40 | Build | Farm |
| 11:46 | Create | Villager (Male) |
| 12:08 | Build | Farm |
| 12:08 | Build | Farm |
| 12:14 | Create | Villager (Male) |
| 12:26 | Build | Farm |
| 12:31 | Build | Farm |
| 12:42 | Build | Mining Camp |
| 12:52 | Create | Villager (Male) |
| 12:56 | Create | Villager (Male) |
| 13:01 | Build | Farm |
| 13:17 | Create | Villager (Male) |
| 13:34 | Create | Scout Cavalry |
| 13:42 | Build | Blacksmith |
| 13:45 | Create | Villager (Male) |
| 13:52 | Create | Villager (Male) |
| 14:18 | Build | Farm |
| 14:19 | Build | Farm |
| 14:20 | Build | Farm |
| 14:25 | Build | Farm |
| 14:39 | Research | Scale Barding Armor |
| 14:41 | Create | Villager (Male) |
| 14:59 | Create | Villager (Male) |
| 15:07 | Build | Farm |
| 15:13 | Create | Scout Cavalry |
| 15:13 | Create | Scout Cavalry |
| 15:23 | Create | Scout Cavalry |
| 15:29 | Build | Farm |
| 15:36 | Create | Villager (Male) |
| 15:50 | Create | Villager (Male) |
| 15:53 | Build | Farm |
| 16:00 | Research | Horse Collar |
| 16:26 | Research | Bloodlines |
| 16:37 | Create | Villager (Male) |
| 16:54 | Create | Villager (Male) |
| 17:09 | Create | Scout Cavalry |
| 17:09 | Create | Villager (Male) |
| 17:11 | Create | Villager (Male) |
| 17:13 | Build | Farm |
| 17:14 | Build | Farm |
| 17:31 | Research | Forging |
| 17:36 | Build | Farm |
| 17:53 | Create | Villager (Male) |
| 18:05 | Build | Stable |
| 18:22 | Create | Villager (Male) |
| 18:22 | Create | Villager (Male) |
| 18:26 | Build | House |
| 19:19 | Build | Farm |
| 19:21 | Build | Farm |
| 19:21 | Build | Farm |
| 19:30 | Research | Gold Mining |
| 19:56 | Research | Castle Age |
| 20:24 | Research | Gold Mining |
| 20:33 | Create | Villager (Male) |
| 20:39 | Build | Stable |
| 20:54 | Create | Villager (Male) |
| 21:13 | Build | Farm |
| 21:18 | Build | House |
| 21:18 | Build | House |
| 21:19 | Build | House |
| 21:30 | Create | Villager (Male) |
| 22:36 | Age | Castle Age |
| 22:38 | Build | Siege Workshop |
| 22:39 | Create | Knight ×5 |
| 22:41 | Research | Bow Saw |
| 22:42 | Create | Villager (Male) |
| 22:45 | Build | Palisade Wall |
| 22:50 | Build | Farm |
| 22:56 | Research | Chain Barding Armor |
| 22:58 | Research | Husbandry |
| 23:12 | Create | Knight |
| 23:31 | Build | Lumber Camp |
| 23:34 | Create | Villager (Male) |
| 23:44 | Create | Knight |
| 23:56 | Build | House |
| 24:05 | Create | Battering Ram |
| 24:14 | Research | Light Cavalry (upgrade) |
| 24:15 | Create | Scout Cavalry ×3 |
| 24:21 | Build | House |
| 24:40 | Create | Battering Ram |
| 24:49 | Create | Villager (Male) |
| 24:50 | Create | Scout Cavalry ×2 |
| 25:05 | Create | Knight |
| 25:14 | Create | Villager (Male) |
| 25:21 | Create | Villager (Male) |
| 25:44 | Create | Knight |
| 25:47 | Build | Town Center |
| 25:49 | Create | Villager (Male) |
| 26:13 | Create | Knight |
| 26:31 | Create | Knight |
| 26:32 | Create | Scout Cavalry ×3 |
| 26:32 | Create | Scout Cavalry ×3 |
| 26:50 | Create | Knight |
| 26:50 | Create | Scout Cavalry |
| 26:55 | Create | Villager (Male) |
| 27:00 | Create | Villager (Male) |
Build order — Giáp
First 150 of 166 actions detected
| 0:02 | Build | House |
| 0:02 | Create | Villager (Male) |
| 0:02 | Create | Villager (Male) |
| 0:03 | Build | House |
| 0:04 | Create | Villager (Male) |
| 0:05 | Create | Villager (Male) |
| 0:05 | Create | Villager (Male) |
| 1:39 | Create | Villager (Male) |
| 2:10 | Build | Lumber Camp |
| 2:17 | Create | Villager (Male) |
| 2:18 | Create | Villager (Male) |
| 2:34 | Create | Villager (Male) |
| 3:12 | Create | Villager (Male) |
| 3:14 | Build | House |
| 3:43 | Create | Villager (Male) |
| 3:43 | Create | Villager (Male) |
| 4:30 | Create | Villager (Male) |
| 4:30 | Create | Villager (Male) |
| 4:30 | Create | Villager (Male) |
| 4:53 | Build | Mill |
| 5:00 | Create | Villager (Male) |
| 5:00 | Create | Villager (Male) |
| 5:00 | Create | Villager (Male) |
| 5:01 | Create | Villager (Male) |
| 5:01 | Create | Villager (Male) |
| 5:09 | Research | Loom |
| 6:18 | Research | Feudal Age |
| 6:39 | Build | Barracks |
| 6:49 | Build | House |
| 7:39 | Build | Palisade Wall |
| 8:03 | Build | House |
| 8:16 | Create | Villager (Male) |
| 8:17 | Create | Villager (Male) |
| 8:27 | Age | Feudal Age |
| 8:31 | Build | Stable |
| 8:33 | Build | Palisade Wall |
| 8:43 | Create | Villager (Male) |
| 8:46 | Create | Spearman |
| 8:59 | Build | House |
| 9:00 | Build | Palisade Wall |
| 9:03 | Build | Palisade Wall |
| 9:04 | Build | Palisade Wall |
| 9:16 | Create | Scout Cavalry |
| 9:23 | Build | Farm |
| 9:29 | Build | Farm |
| 9:33 | Build | Farm |
| 9:35 | Create | Scout Cavalry |
| 10:00 | Create | Villager (Male) |
| 10:05 | Build | House |
| 10:12 | Build | Farm |
| 10:25 | Build | Farm |
| 10:36 | Create | Villager (Male) |
| 10:51 | Create | Villager (Male) |
| 10:56 | Build | House |
| 11:12 | Create | Scout Cavalry |
| 11:21 | Build | Palisade Gate |
| 11:38 | Create | Villager (Male) |
| 11:38 | Create | Villager (Male) |
| 11:40 | Build | Farm |
| 11:53 | Build | Palisade Wall |
| 11:54 | Build | Palisade Wall |
| 11:58 | Build | Palisade Gate |
| 12:02 | Build | House |
| 12:08 | Create | Scout Cavalry |
| 12:16 | Create | Villager (Male) |
| 12:21 | Build | Farm |
| 12:22 | Create | Villager (Male) |
| 12:43 | Create | Villager (Male) |
| 12:45 | Build | Farm |
| 12:46 | Create | Villager (Male) |
| 12:49 | Create | Scout Cavalry |
| 13:11 | Build | Mining Camp |
| 13:22 | Build | Farm |
| 13:28 | Create | Villager (Male) |
| 13:30 | Create | Scout Cavalry |
| 13:31 | Create | Villager (Male) |
| 13:47 | Create | Villager (Male) |
| 14:03 | Build | Farm |
| 14:12 | Build | Blacksmith |
| 14:31 | Build | Farm |
| 14:38 | Create | Scout Cavalry |
| 14:39 | Create | Villager (Male) |
| 15:04 | Build | Palisade Gate |
| 15:12 | Research | Scale Barding Armor |
| 15:12 | Research | Forging |
| 15:32 | Create | Villager (Male) |
| 15:32 | Create | Villager (Male) |
| 15:34 | Create | Scout Cavalry |
| 15:42 | Build | Farm |
| 15:56 | Build | Farm |
| 15:58 | Create | Villager (Male) |
| 16:04 | Build | House |
| 16:06 | Build | House |
| 16:21 | Build | Farm |
| 16:27 | Research | Bloodlines |
| 16:46 | Build | Watch Tower |
| 17:05 | Build | Farm |
| 17:11 | Create | Villager (Male) |
| 17:12 | Create | Villager (Male) |
| 17:27 | Create | Scout Cavalry |
| 17:27 | Create | Scout Cavalry |
| 17:28 | Create | Villager (Male) |
| 17:49 | Build | Lumber Camp |
| 18:14 | Build | Farm |
| 18:24 | Create | Villager (Male) |
| 19:01 | Build | House |
| 19:03 | Create | Villager (Male) |
| 19:04 | Build | Farm |
| 19:23 | Create | Villager (Male) |
| 19:32 | Build | House |
| 19:40 | Build | Farm |
| 19:40 | Create | Villager (Male) |
| 19:58 | Create | Scout Cavalry |
| 20:05 | Create | Villager (Male) |
| 20:08 | Create | Villager (Male) |
| 20:24 | Build | Farm |
| 20:52 | Build | Market |
| 21:01 | Build | Gate |
| 21:04 | Build | Palisade Gate |
| 21:09 | Build | Gate |
| 21:30 | Build | Farm |
| 21:35 | Research | Castle Age |
| 21:47 | Build | Farm |
| 22:02 | Build | Farm |
| 22:20 | Create | Scout Cavalry |
| 22:20 | Create | Scout Cavalry |
| 23:32 | Create | Villager (Male) |
| 23:40 | Build | House |
| 24:01 | Age | Castle Age |
| 24:02 | Build | Siege Workshop |
| 24:10 | Create | Camel Scout |
| 24:10 | Create | Camel Scout |
| 24:10 | Create | Camel Scout |
| 24:10 | Create | Camel Scout |
| 24:12 | Research | Chain Barding Armor |
| 24:19 | Create | Villager (Male) |
| 24:27 | Create | Mangonel |
| 24:27 | Create | Mangonel |
| 24:45 | Create | Camel Scout |
| 25:12 | Build | Lumber Camp |
| 25:22 | Create | Villager (Male) |
| 25:30 | Build | Palisade Gate |
| 25:35 | Create | Camel Scout |
| 25:49 | Create | Camel Scout |
| 26:02 | Build | House |
| 26:03 | Build | House |
| 26:16 | Create | Mangonel |
| 26:38 | Build | House |
| 26:40 | Build | House |
| 26:42 | Build | House |
Build order — tannnt89
First 150 of 303 actions detected
| 0:00 | Create | Villager (Male) |
| 0:00 | Create | Villager (Male) |
| 0:01 | Create | Villager (Male) |
| 0:02 | Build | House |
| 0:03 | Build | House |
| 0:17 | Create | Villager (Male) |
| 0:17 | Create | Villager (Male) |
| 1:23 | Create | Villager (Male) |
| 1:43 | Build | Lumber Camp |
| 2:00 | Create | Villager (Male) |
| 2:16 | Create | Villager (Male) |
| 2:16 | Create | Villager (Male) |
| 2:48 | Create | Villager (Male) |
| 2:56 | Create | Villager (Male) |
| 3:36 | Create | Villager (Male) |
| 3:42 | Build | House |
| 4:00 | Create | Villager (Male) |
| 4:26 | Create | Villager (Male) |
| 4:27 | Create | Villager (Male) |
| 4:27 | Create | Villager (Male) |
| 4:54 | Create | Villager (Male) |
| 5:39 | Build | Mining Camp |
| 6:10 | Research | Loom |
| 6:31 | Research | Feudal Age |
| 7:37 | Build | Barracks |
| 7:39 | Build | House |
| 8:01 | Create | Villager (Male) |
| 8:41 | Create | Villager (Male) |
| 8:45 | Age | Feudal Age |
| 8:47 | Build | Archery Range |
| 8:49 | Build | Archery Range |
| 9:10 | Create | Villager (Male) |
| 9:39 | Create | Villager (Male) |
| 10:03 | Create | Villager (Male) |
| 10:04 | Create | Archer |
| 10:05 | Create | Archer |
| 10:09 | Build | Mill |
| 10:11 | Create | Villager (Male) |
| 10:19 | Research | Double-Bit Axe |
| 10:25 | Build | House |
| 10:27 | Create | Villager (Male) |
| 10:36 | Build | House |
| 10:38 | Build | Palisade Wall |
| 10:39 | Build | Palisade Gate |
| 10:42 | Build | House |
| 10:48 | Build | House |
| 10:50 | Build | Palisade Wall |
| 10:51 | Build | Palisade Wall |
| 10:52 | Create | Archer |
| 10:56 | Create | Villager (Male) |
| 11:11 | Create | Archer |
| 11:12 | Create | Archer |
| 11:19 | Build | Palisade Wall |
| 11:20 | Build | Palisade Wall |
| 11:23 | Create | Villager (Male) |
| 11:29 | Build | House |
| 11:31 | Build | Palisade Wall |
| 11:33 | Build | Palisade Wall |
| 11:44 | Create | Archer |
| 11:44 | Create | Archer |
| 11:46 | Create | Villager (Male) |
| 11:46 | Create | Villager (Male) |
| 12:09 | Build | Farm |
| 12:11 | Build | Farm |
| 12:14 | Create | Villager (Male) |
| 12:16 | Build | Farm |
| 12:16 | Create | Archer |
| 12:41 | Build | Farm |
| 12:44 | Create | Villager (Male) |
| 12:44 | Create | Villager (Male) |
| 12:46 | Create | Archer |
| 12:46 | Create | Archer |
| 13:01 | Build | Farm |
| 13:07 | Create | Archer |
| 13:08 | Create | Archer |
| 13:10 | Create | Villager (Male) |
| 13:33 | Create | Villager (Male) |
| 13:44 | Build | Blacksmith |
| 13:48 | Create | Villager (Male) |
| 13:49 | Create | Archer |
| 14:08 | Build | Farm |
| 14:11 | Create | Archer |
| 14:17 | Research | Fletching |
| 14:24 | Create | Archer |
| 14:24 | Create | Archer |
| 14:35 | Create | Villager (Male) |
| 14:43 | Research | Horse Collar |
| 14:43 | Research | Horse Collar |
| 14:48 | Build | Farm |
| 14:51 | Create | Archer |
| 15:03 | Create | Villager (Male) |
| 15:07 | Build | House |
| 15:07 | Build | House |
| 15:12 | Build | Farm |
| 15:23 | Create | Villager (Male) |
| 15:24 | Create | Archer |
| 15:24 | Create | Archer |
| 15:39 | Create | Villager (Male) |
| 15:42 | Build | Farm |
| 15:49 | Create | Villager (Male) |
| 15:56 | Research | Padded Archer Armor |
| 15:59 | Create | Villager (Male) |
| 16:03 | Build | Farm |
| 16:10 | Create | Archer |
| 16:11 | Create | Archer |
| 16:21 | Create | Villager (Male) |
| 16:22 | Build | House |
| 16:22 | Build | House |
| 16:44 | Create | Archer |
| 16:44 | Create | Archer |
| 16:45 | Create | Villager (Male) |
| 17:02 | Create | Archer |
| 17:02 | Create | Archer |
| 17:12 | Create | Archer |
| 17:12 | Create | Archer |
| 17:23 | Create | Villager (Male) |
| 17:24 | Build | Farm |
| 17:25 | Build | Farm |
| 17:30 | Build | House |
| 17:38 | Create | Villager (Male) |
| 18:06 | Create | Villager (Male) |
| 18:08 | Build | House |
| 18:08 | Build | House |
| 18:14 | Create | Villager (Male) |
| 18:15 | Build | Farm |
| 18:17 | Build | Farm |
| 19:01 | Create | Villager (Male) |
| 19:02 | Create | Archer |
| 19:02 | Create | Archer |
| 19:06 | Build | Lumber Camp |
| 19:14 | Build | House |
| 19:15 | Build | House |
| 19:16 | Build | Farm |
| 19:22 | Create | Archer |
| 19:22 | Create | Archer |
| 19:47 | Research | Castle Age |
| 19:48 | Research | Castle Age |
| 20:47 | Create | Archer |
| 20:47 | Create | Archer |
| 20:52 | Build | Mining Camp |
| 21:02 | Build | Lumber Camp |
| 21:18 | Create | Archer |
| 21:18 | Create | Archer |
| 21:26 | Create | Archer |
| 21:26 | Create | Archer |
| 21:39 | Create | Archer |
| 21:39 | Create | Archer |
| 21:52 | Research | Gold Mining |
| 21:58 | Build | Farm |
| 22:01 | Build | Farm |
Build order — MAND_IamChijt
First 150 of 244 actions detected
| 0:00 | Create | Villager (Male) |
| 0:00 | Create | Villager (Male) |
| 0:01 | Create | Villager (Male) |
| 0:02 | Build | House |
| 0:04 | Build | House |
| 0:07 | Create | Villager (Male) |
| 1:22 | Create | Villager (Male) |
| 2:02 | Create | Villager (Male) |
| 2:18 | Create | Villager (Male) |
| 2:23 | Build | House |
| 2:34 | Build | Lumber Camp |
| 2:40 | Create | Villager (Male) |
| 3:13 | Create | Villager (Male) |
| 3:13 | Create | Villager (Male) |
| 3:35 | Create | Villager (Male) |
| 4:01 | Create | Villager (Male) |
| 4:44 | Create | Villager (Male) |
| 5:01 | Build | House |
| 5:06 | Build | Mill |
| 5:12 | Build | Mill |
| 5:14 | Create | Villager (Male) |
| 5:32 | Create | Villager (Male) |
| 5:33 | Create | Villager (Male) |
| 5:33 | Create | Villager (Male) |
| 6:13 | Research | Loom |
| 6:59 | Research | Feudal Age |
| 7:38 | Build | Barracks |
| 8:03 | Build | House |
| 8:07 | Build | Palisade Wall |
| 8:23 | Build | House |
| 8:25 | Build | Palisade Wall |
| 8:32 | Build | Palisade Wall |
| 8:40 | Build | Palisade Wall |
| 9:19 | Build | Palisade Wall |
| 9:22 | Create | Villager (Male) |
| 9:23 | Create | Villager (Male) |
| 9:35 | Age | Feudal Age |
| 9:38 | Build | Stable |
| 9:52 | Research | Double-Bit Axe |
| 9:58 | Create | Villager (Male) |
| 10:05 | Build | House |
| 10:12 | Create | Spearman |
| 10:28 | Build | Palisade Wall |
| 10:32 | Create | Villager (Male) |
| 10:40 | Create | Scout Cavalry |
| 10:41 | Create | Scout Cavalry |
| 11:06 | Build | Blacksmith |
| 11:10 | Create | Villager (Male) |
| 11:28 | Create | Scout Cavalry |
| 11:29 | Create | Villager (Male) |
| 11:39 | Research | Horse Collar |
| 11:45 | Build | Palisade Wall |
| 11:51 | Build | Palisade Wall |
| 11:54 | Build | Palisade Gate |
| 12:01 | Build | House |
| 12:03 | Create | Villager (Male) |
| 12:18 | Build | Farm |
| 12:21 | Create | Scout Cavalry |
| 12:31 | Build | House |
| 12:38 | Build | Farm |
| 12:47 | Build | Palisade Wall |
| 12:51 | Build | Palisade Wall |
| 12:59 | Build | Palisade Wall |
| 13:00 | Create | Villager (Male) |
| 13:05 | Build | Palisade Wall |
| 13:07 | Build | Palisade Wall |
| 13:14 | Build | House |
| 13:16 | Build | Palisade Wall |
| 13:17 | Create | Villager (Male) |
| 13:19 | Build | Farm |
| 13:26 | Build | Farm |
| 13:36 | Build | Farm |
| 13:58 | Research | Scale Barding Armor |
| 14:01 | Build | Farm |
| 14:18 | Build | Farm |
| 14:22 | Build | Farm |
| 14:28 | Create | Villager (Male) |
| 14:34 | Build | Farm |
| 14:43 | Create | Scout Cavalry |
| 15:12 | Create | Scout Cavalry |
| 15:18 | Build | Farm |
| 15:19 | Build | Farm |
| 15:20 | Create | Villager (Male) |
| 15:23 | Build | Palisade Wall |
| 15:43 | Build | Palisade Gate |
| 15:45 | Create | Villager (Male) |
| 15:48 | Build | Farm |
| 16:05 | Create | Villager (Male) |
| 16:15 | Build | Farm |
| 16:15 | Build | Farm |
| 16:25 | Build | Palisade Gate |
| 16:29 | Create | Scout Cavalry |
| 16:34 | Build | Farm |
| 16:50 | Build | House |
| 16:54 | Create | Scout Cavalry |
| 17:03 | Build | Market |
| 17:04 | Create | Villager (Male) |
| 17:23 | Create | Scout Cavalry |
| 17:42 | Create | Villager (Male) |
| 17:52 | Build | Farm |
| 17:52 | Build | Farm |
| 17:52 | Build | Farm |
| 17:53 | Build | Farm |
| 17:53 | Build | Farm |
| 17:57 | Create | Scout Cavalry |
| 18:04 | Build | Mining Camp |
| 18:07 | Create | Villager (Male) |
| 18:44 | Build | Farm |
| 18:45 | Build | Farm |
| 18:46 | Create | Villager (Male) |
| 18:46 | Create | Villager (Male) |
| 18:47 | Create | Villager (Male) |
| 19:06 | Build | House |
| 19:25 | Create | Scout Cavalry |
| 19:28 | Research | Forging |
| 19:49 | Build | Palisade Wall |
| 20:22 | Build | Farm |
| 20:23 | Create | Villager (Male) |
| 20:24 | Create | Villager (Male) |
| 20:28 | Create | Scout Cavalry |
| 20:37 | Build | Stable |
| 21:39 | Build | Stable |
| 21:50 | Research | Castle Age |
| 22:43 | Build | Stable |
| 23:15 | Research | Gold Mining |
| 23:42 | Build | Palisade Wall |
| 23:48 | Build | House |
| 24:30 | Age | Castle Age |
| 24:32 | Create | Camel Scout |
| 24:33 | Create | Camel Scout |
| 24:33 | Create | Camel Scout |
| 24:33 | Create | Camel Scout |
| 24:34 | Create | Camel Scout |
| 24:34 | Create | Camel Scout |
| 24:34 | Create | Camel Scout |
| 24:35 | Research | Chain Barding Armor |
| 24:36 | Research | Iron Casting |
| 24:52 | Create | Camel Scout |
| 24:55 | Create | Camel Scout |
| 24:56 | Create | Camel Scout |
| 25:14 | Research | Husbandry |
| 25:15 | Create | Camel Scout |
| 25:16 | Create | Camel Scout |
| 25:32 | Create | Camel Scout |
| 25:32 | Create | Camel Scout |
| 25:50 | Create | Camel Scout |
| 25:52 | Create | Villager (Male) |
| 25:52 | Create | Villager (Male) |
| 26:00 | Build | Town Center |
| 26:04 | Build | Farm |
Match timeline
| 6:39 | Giáp · first_building Barracks |
| 7:17 | HuyAcoustic · first_building Barracks |
| 7:31 | Gà Con Biết Gáy · first_building Barracks |
| 7:37 | tannnt89 · first_building Barracks |
| 7:38 | MAND_IamChijt · first_building Barracks |
| 7:39 | Giáp · wall_segment Palisade Wall x10 |
| 7:51 | HuyAcoustic · wall_segment Palisade Wall x8 |
| 7:59 | Seohyun de thuong lam ne` · first_building Donjon |
| 8:03 | Tiny Airlane · first_building Barracks |
| 8:07 | MAND_IamChijt · wall_segment Palisade Wall x9 |
| 8:17 | MAND_Caloccoc78 · first_building Barracks |
| 8:25 | MAND_IamChijt · wall_segment Palisade Wall x7 |
| 8:27 | Giáp · age_up feudal |
| 8:31 | Giáp · first_building Stable |
| 8:32 | MAND_IamChijt · wall_segment Palisade Wall x11 |
| 8:33 | Giáp · wall_segment Palisade Wall x1 |
| 8:40 | MAND_IamChijt · wall_segment Palisade Wall x1 |
| 8:45 | tannnt89 · age_up feudal |
| 8:47 | tannnt89 · first_building Archery Range |
| 8:50 | Seohyun de thuong lam ne` · age_up feudal |
| 8:51 | Gà Con Biết Gáy · age_up feudal |
| 8:52 | HuyAcoustic · age_up feudal |
| 8:53 | Tiny Airlane · age_up feudal |
| 8:55 | MAND_Caloccoc78 · age_up feudal |
| 8:57 | Gà Con Biết Gáy · first_building Stable |
| 8:57 | HuyAcoustic · first_building Archery Range |
| 9:00 | Giáp · wall_segment Palisade Wall x6 |
| 9:03 | Giáp · wall_segment Palisade Wall x3 |
| 9:04 | Giáp · wall_segment Palisade Wall x5 |
| 9:07 | Seohyun de thuong lam ne` · first_building Stable |
| 9:08 | MAND_Caloccoc78 · first_building Archery Range |
| 9:10 | Tiny Airlane · first_building Archery Range |
| 9:13 | Seohyun de thuong lam ne` · wall_segment Palisade Wall x3 |
| 9:19 | MAND_IamChijt · wall_segment Palisade Wall x24 |
| 9:35 | MAND_IamChijt · age_up feudal |
| 9:38 | MAND_IamChijt · first_building Stable |
| 10:01 | Gà Con Biết Gáy · wall_segment Palisade Wall x4 |
| 10:02 | Gà Con Biết Gáy · wall_segment Palisade Wall x2 |
| 10:08 | MAND_Caloccoc78 · wall_segment Palisade Wall x7 |
| 10:10 | Seohyun de thuong lam ne` · wall_segment Palisade Wall x10 |
| 10:11 | Seohyun de thuong lam ne` · wall_segment Palisade Wall x2 |
| 10:16 | Gà Con Biết Gáy · wall_segment Palisade Wall x1 |
| 10:17 | Gà Con Biết Gáy · wall_segment Palisade Wall x1 |
| 10:24 | Tiny Airlane · wall_segment Palisade Wall x1 |
| 10:28 | MAND_IamChijt · wall_segment Palisade Wall x9 |
| 10:34 | HuyAcoustic · wall_segment Palisade Wall x2 |
| 10:38 | tannnt89 · wall_segment Palisade Wall x4 |
| 10:41 | HuyAcoustic · wall_segment Palisade Wall x7 |
| 10:41 | Tiny Airlane · wall_segment Palisade Wall x13 |
| 10:50 | tannnt89 · wall_segment Palisade Wall x3 |
| 10:51 | tannnt89 · wall_segment Palisade Wall x1 |
| 11:18 | Seohyun de thuong lam ne` · wall_segment Palisade Wall x14 |
| 11:19 | tannnt89 · wall_segment Palisade Wall x1 |
| 11:20 | tannnt89 · wall_segment Palisade Wall x6 |
| 11:26 | Tiny Airlane · wall_segment Palisade Wall x1 |
| 11:31 | tannnt89 · wall_segment Palisade Wall x5 |
| 11:31 | HuyAcoustic · wall_segment Palisade Wall x8 |
| 11:33 | tannnt89 · wall_segment Palisade Wall x11 |
| 11:38 | Gà Con Biết Gáy · wall_segment Palisade Wall x3 |
| 11:40 | Gà Con Biết Gáy · wall_segment Palisade Wall x4 |
| 11:45 | MAND_IamChijt · wall_segment Palisade Wall x10 |
| 11:47 | HuyAcoustic · wall_segment Palisade Wall x11 |
| 11:51 | MAND_IamChijt · wall_segment Palisade Wall x6 |
| 11:53 | Giáp · wall_segment Palisade Wall x4 |
| 11:54 | Giáp · wall_segment Palisade Wall x6 |
| 12:09 | MAND_Caloccoc78 · wall_segment Palisade Wall x3 |
| 12:11 | HuyAcoustic · wall_segment Palisade Wall x3 |
| 12:37 | Gà Con Biết Gáy · wall_segment Palisade Wall x15 |
| 12:47 | MAND_IamChijt · wall_segment Palisade Wall x9 |
| 12:47 | HuyAcoustic · wall_segment Palisade Wall x3 |
| 12:51 | MAND_IamChijt · wall_segment Palisade Wall x10 |
| 12:52 | MAND_Caloccoc78 · wall_segment Palisade Wall x9 |
| 12:59 | MAND_IamChijt · wall_segment Palisade Wall x23 |
| 13:05 | MAND_IamChijt · wall_segment Palisade Wall x1 |
| 13:07 | MAND_IamChijt · wall_segment Palisade Wall x1 |
| 13:16 | MAND_IamChijt · wall_segment Palisade Wall x1 |
| 15:23 | MAND_IamChijt · wall_segment Palisade Wall x10 |
| 19:49 | MAND_IamChijt · wall_segment Palisade Wall x1 |
| 20:35 | Gà Con Biết Gáy · wall_segment Palisade Wall x1 |
| 21:34 | Gà Con Biết Gáy · age_up castle |
| 21:34 | Giáp · first_market_buy 100 food |
| 21:55 | Tiny Airlane · first_market_sell 100 wood |
| 21:56 | Tiny Airlane · first_market_buy 100 food |
| 22:08 | MAND_Caloccoc78 · wall_segment Palisade Wall x1 |
| 22:27 | tannnt89 · age_up castle |
| 22:36 | Seohyun de thuong lam ne` · age_up castle |
| 22:38 | Seohyun de thuong lam ne` · first_building Siege Workshop |
| 22:45 | Seohyun de thuong lam ne` · wall_segment Palisade Wall x1 |
| 23:37 | MAND_Caloccoc78 · age_up castle |
| 23:39 | HuyAcoustic · age_up castle |
| 23:42 | MAND_IamChijt · wall_segment Palisade Wall x2 |
| 24:01 | Giáp · age_up castle |
| 24:02 | Giáp · first_building Siege Workshop |
| 24:30 | MAND_IamChijt · age_up castle |
| 24:41 | Tiny Airlane · age_up castle |
| 25:12 | tannnt89 · first_building Monastery |
| 26:52 | Giáp · wall_segment Palisade Wall x1 |
| 27:13 | HuyAcoustic · first_building Stable |
| 27:29 | Giáp · wall_segment Palisade Wall x1 |
| 28:47 | MAND_IamChijt · first_market_sell 100 wood |
| 31:00 | tannnt89 · age_up imperial |
| 31:33 | Seohyun de thuong lam ne` · first_building Monastery |
| 32:32 | Gà Con Biết Gáy · first_market_buy 100 stone |
| 32:32 | MAND_Caloccoc78 · first_building Siege Workshop |
| 32:36 | tannnt89 · first_market_sell 100 food |
| 33:19 | Seohyun de thuong lam ne` · first_building Castle |
| 34:14 | MAND_Caloccoc78 · resign |
| 34:15 | Gà Con Biết Gáy · first_building Monastery |
| 34:35 | tannnt89 · first_building Siege Workshop |
[ AI ANALYSIS · 1 CREDIT ]
What really happened in this match?
Wolo.gg analyzes every decision: build order, eco, micro, common mistakes by bracket. Personalized analysis on WhatsApp or Discord in 30 seconds.
Civ guide
Koreans
Perfil
Jugador #6424442